3AAA
BALBOA BUCCANEERS @ CORPUS CHRISTI TWINS
07/26/2018
 
TOP OF THE 1ST
Balboa Buccaneers batting - Pitching for Corpus Christi Twins : RHP Aurélien Godet
Pitching: RHP Aurélien Godet
Batting: SHB Theodore Buck 0-0: Called Strike
0-1: Ball
1-1: Foul Ball, location: 2F
1-2: Foul Ball, location: 2F
1-2: Ball
2-2: DOUBLE (Groundball, 3L)
Batting: RHB César Garza 0-0: Called Strike
0-1: Ball
1-1: Foul Ball, location: 2F
1-2: Ball
2-2: Fly out, F9 (Flyball, 9S)
Batting: LHB Bellchyor Lebrim 0-0: SINGLE (Groundball, 6MD)
Theodore Buck to third
Batting: RHB Jeff Bass 0-0: Swinging Strike
0-1: Called Strike
0-2: Foul Ball, location: 2F
0-2: Foul Ball, location: 2F
0-2: Strikes out swinging
Pitching: RHP Dan Riggs
Batting: RHB Jean Lemaire 0-0: Ball
1-0: Foul Ball, location: 2F
1-1: Reached on error, E5 (Groundball, 5S)
Theodore Buck scores
Bellchyor Lebrim to second
Batting: RHB Leonard James 0-0: Ball
1-0: Ball
2-0: Called Strike
2-1: 3-RUN HOME RUN (Flyball, 89XD), Distance : 413 ft
Batting: RHB Louie McNeil 0-0: Hit by Pitch
Batting: LHB Anthony Trigg 0-0: Ball
1-0: Foul Ball, location: 2F
1-1: Foul Ball, location: 2F
1-2: Ground out U3 (Groundball, 3)
Top of the 1st over - 4 run(s), 3 hit(s), 1 error(s), 1 left on base; Balboa 4 - Corpus Christi 0
BOTTOM OF THE 1ST
Corpus Christi Twins batting - Pitching for Balboa Buccaneers : RHP Richard Meyer
Pitching: RHP Richard Meyer
Batting: RHB Andrew Floyd 0-0: Ball
1-0: Called Strike
1-1: Ground out 4-3 (Groundball, 4M)
Batting: RHB Bill McCarty 0-0: Called Strike
0-1: Ball
1-1: Fly out, F4 (Popup, 4)
Batting: RHB Gonzalo Núñez 0-0: SINGLE (Line Drive, 56D)
Batting: LHB Don Sullivan 0-0: Called Strike
0-1: Ball
1-1: Ball
2-1: Foul Ball, location: 2F
2-2: Foul Ball, location: 2F
2-2: SINGLE (Flyball, 89S)
Gonzalo Núñez to second
Runner from 2nd tries for 3rd, SAFE, throw made to third
Batting: LHB Juan Durán 0-0: Ball
1-0: Fly out, F6 (Popup, 56D)
Bottom of the 1st over - 0 run(s), 2 hit(s), 0 error(s), 2 left on base; Balboa 4 - Corpus Christi 0
TOP OF THE 2ND
Balboa Buccaneers batting - Pitching for Corpus Christi Twins : RHP Dan Riggs
Batting: LHB Jafar Taha 0-0: Ball
1-0: Ball
2-0: Foul Ball, location: 2F
2-1: Foul Ball, location: 2F
2-2: Ball
3-2: Foul Ball, location: 2F
3-2: Foul Ball, location: 2F
3-2: Foul Ball, location: 2F
3-2: Ground out 1-3 (Groundball, 13)
Batting: SHB Theodore Buck 0-0: Called Strike
0-1: Bunt for hit - play at first, batter OUT! 1-4
Batting: RHB César Garza 0-0: Called Strike
0-1: Ground out U3 (Groundball, 3S)
Top of the 2nd over - 0 run(s), 0 hit(s), 0 error(s), 0 left on base; Balboa 4 - Corpus Christi 0
BOTTOM OF THE 2ND
Corpus Christi Twins batting - Pitching for Balboa Buccaneers : RHP Richard Meyer
Batting: RHB Denis Taylor 0-0: Ball
1-0: SINGLE (Line Drive, 3D)
Batting: RHB Daniel Cooper 0-0: Ball
1-0: Called Strike
1-1: Ball
2-1: 2-RUN HOME RUN (Line Drive, 78XD) (Inside the Park)
Batting: LHB Jimmy Massey 0-0: Fly out, F9 (Line Drive, 89D)
Batting: RHB Vincent Parker 0-0: Swinging Strike
0-1: Ball
1-1: Foul Ball, location: 2F
1-2: Ball
2-2: Foul Ball, location: 2F
2-2: SINGLE (Popup, 34D)
Batting: RHB Andrew Floyd 0-0: Ball
1-0: Ball
2-0: Grounds into double play, U4-3 (Groundball, 4M)
Bottom of the 2nd over - 2 run(s), 3 hit(s), 0 error(s), 0 left on base; Balboa 4 - Corpus Christi 2
TOP OF THE 3RD
Balboa Buccaneers batting - Pitching for Corpus Christi Twins : RHP Dan Riggs
Batting: LHB Bellchyor Lebrim 0-0: Ball
1-0: Called Strike
1-1: Ball
2-1: Foul Ball, location: 2F
2-2: Ball
3-2: Foul Ball, location: 2F
3-2: Base on Balls
Batting: RHB Jeff Bass 0-0: Ball
1-0: Fly out, F8 (Flyball, 89M)
Batting: RHB Jean Lemaire 0-0: Ball
1-0: Called Strike
1-1: Ball
2-1: Ball
3-1: Fly out, F9 (Flyball, 9M)
Batting: RHB Leonard James 0-0: Called Strike
0-1: Foul Ball, location: 2F
0-2: Ball
1-2: Foul Ball, location: 2F
1-2: Foul Ball, location: 2F
1-2: Ground out 4-3 (Groundball, 4)
Top of the 3rd over - 0 run(s), 0 hit(s), 0 error(s), 1 left on base; Balboa 4 - Corpus Christi 2
BOTTOM OF THE 3RD
Corpus Christi Twins batting - Pitching for Balboa Buccaneers : RHP Richard Meyer
Batting: RHB Bill McCarty 0-0: Ball
1-0: Foul Ball, location: 2F
1-1: Foul Ball, location: 2F
1-2: Foul Ball, location: 2F
1-2: DOUBLE (Line Drive, 7LS)
Batting: RHB Gonzalo Núñez 0-0: Ball
1-0: Called Strike
1-1: Ball
2-1: Fly out, F4 (Popup, 4D)
Batting: LHB Don Sullivan 0-0: Ball
1-0: Ball
2-0: Called Strike
2-1: SINGLE (Flyball, 8LS)
Bill McCarty to third
Batting: LHB Juan Durán 0-0: Called Strike
Don Sullivan steals 2nd base
0-1: Ball
1-1: Foul Ball, location: 2F
1-2: Foul Ball, location: 2F
1-2: Strikes out swinging
Batting: RHB Denis Taylor 0-0: Fly out, F9 (Flyball, 9M)
Bottom of the 3rd over - 0 run(s), 2 hit(s), 0 error(s), 2 left on base; Balboa 4 - Corpus Christi 2
TOP OF THE 4TH
Balboa Buccaneers batting - Pitching for Corpus Christi Twins : RHP Dan Riggs
Batting: RHB Louie McNeil 0-0: Fly out, F9 (Flyball, 9M)
Batting: LHB Anthony Trigg 0-0: Called Strike
0-1: Ball
1-1: Foul Ball, location: 2F
1-2: Ball
2-2: Ball
3-2: Fly out, F8 (Flyball, 8RM)
Batting: LHB Jafar Taha 0-0: Ball
1-0: Swinging Strike
1-1: Ground out 4-3 (Groundball, 4)
Top of the 4th over - 0 run(s), 0 hit(s), 0 error(s), 0 left on base; Balboa 4 - Corpus Christi 2
BOTTOM OF THE 4TH
Corpus Christi Twins batting - Pitching for Balboa Buccaneers : RHP Richard Meyer
Batting: RHB Daniel Cooper 0-0: Called Strike
0-1: SOLO HOME RUN (Flyball, 7LD), Distance : 357 ft
Batting: LHB Jimmy Massey 0-0: Ball
1-0: Foul Ball, location: 2F
1-1: Ball
2-1: Foul Ball, location: 2F
2-2: Ball
3-2: Base on Balls
Batting: RHB Vincent Parker 0-0: Ball
1-0: Called Strike
1-1: Ball
2-1: Called Strike
2-2: Strikes out swinging
Batting: RHB Andrew Floyd 0-0: Swinging Strike
0-1: Ball
Wild Pitch!
Jimmy Massey to second
1-1: Swinging Strike
1-2: Ball
2-2: Strikes out swinging
Batting: RHB Bill McCarty 0-0: Called Strike
0-1: Called Strike
0-2: Ball
1-2: Ball
2-2: Foul Ball, location: 2F
2-2: Fly out, F9 (Flyball, 89M)
Bottom of the 4th over - 1 run(s), 1 hit(s), 0 error(s), 1 left on base; Balboa 4 - Corpus Christi 3
TOP OF THE 5TH
Balboa Buccaneers batting - Pitching for Corpus Christi Twins : RHP Dan Riggs
Pitching: RHP Claudio Salinas
Batting: SHB Theodore Buck 0-0: Foul Ball, location: 2F
0-1: Foul Ball, location: 2F
0-2: Fly out, F7 (Flyball, 78S)
Batting: RHB César Garza 0-0: Ball
1-0: Called Strike
1-1: Foul Ball, location: 2F
1-2: Strikes out swinging
Batting: LHB Bellchyor Lebrim 0-0: Ball
1-0: Fly out, F8 (Flyball, 8LXD)
Top of the 5th over - 0 run(s), 0 hit(s), 0 error(s), 0 left on base; Balboa 4 - Corpus Christi 3
BOTTOM OF THE 5TH
Corpus Christi Twins batting - Pitching for Balboa Buccaneers : RHP Richard Meyer
Batting: RHB Gonzalo Núñez 0-0: Called Strike
0-1: Fly out, F9 (Flyball, 9LS)
Batting: LHB Don Sullivan 0-0: Ground out 6-3 (Groundball, 6)
Batting: LHB Juan Durán 0-0: Called Strike
0-1: Swinging Strike
0-2: Ball
1-2: Foul Ball, location: 2F
1-2: Ball
2-2: Strikes out swinging
Bottom of the 5th over - 0 run(s), 0 hit(s), 0 error(s), 0 left on base; Balboa 4 - Corpus Christi 3
TOP OF THE 6TH
Balboa Buccaneers batting - Pitching for Corpus Christi Twins : RHP Claudio Salinas
Batting: RHB Jeff Bass 0-0: Called Strike
0-1: Called Strike
0-2: Ball
1-2: Ball
2-2: Ground out 5-3 (Groundball, 56)
Batting: RHB Jean Lemaire 0-0: Called Strike
0-1: Ball
1-1: Swinging Strike
1-2: Ball
2-2: Foul Ball, location: 2F
2-2: Foul Ball, location: 2F
2-2: Foul Ball, location: 2F
2-2: Ground out 6-3 (Groundball, 6)
Batting: RHB Leonard James 0-0: Called Strike
0-1: Ball
1-1: Swinging Strike
1-2: Ball
2-2: Strikes out swinging
Top of the 6th over - 0 run(s), 0 hit(s), 0 error(s), 0 left on base; Balboa 4 - Corpus Christi 3
BOTTOM OF THE 6TH
Corpus Christi Twins batting - Pitching for Balboa Buccaneers : RHP Richard Meyer
Batting: RHB Denis Taylor 0-0: Fly out, F8 (Flyball, 8LM)
Batting: RHB Daniel Cooper 0-0: Ball
1-0: Ball
2-0: Ball
3-0: Base on Balls
Batting: LHB Jimmy Massey 0-0: Ball
1-0: Ball
2-0: Ball
3-0: Base on Balls
Daniel Cooper to second
Batting: RHB Vincent Parker 0-0: Ball
1-0: Fly out, F9 (Flyball, 9LM)
Batting: RHB Andrew Floyd 0-0: Called Strike
0-1: Called Strike
0-2: DOUBLE (Flyball, 7D)
Daniel Cooper scores
Jimmy Massey to third
Batting: RHB Bill McCarty 0-0: Called Strike
0-1: Ball
1-1: Hit by Pitch
Batting: RHB Gonzalo Núñez 0-0: Swinging Strike
0-1: Ball
1-1: Foul Ball, location: 2F
1-2: Ball
2-2: Ground out 1-3 (Groundball, 34S)
Bottom of the 6th over - 1 run(s), 1 hit(s), 0 error(s), 3 left on base; Balboa 4 - Corpus Christi 4
TOP OF THE 7TH
Balboa Buccaneers batting - Pitching for Corpus Christi Twins : RHP Claudio Salinas
Pitching: LHP Eugene Baker
Batting: RHB Louie McNeil 0-0: Called Strike
0-1: Foul Ball, location: 2F
0-2: Ball
1-2: Strikes out looking
Pinch Hitting: RHB Derek Schroeder 0-0: Called Strike
0-1: Foul Ball, location: 2F
0-2: Ball
1-2: Foul Ball, location: 2F
1-2: Ball
2-2: Strikes out looking
Batting: LHB Jafar Taha 0-0: Called Strike
0-1: Swinging Strike
0-2: Ball
1-2: Ball
2-2: Ball
3-2: Strikes out swinging
Top of the 7th over - 0 run(s), 0 hit(s), 0 error(s), 0 left on base; Balboa 4 - Corpus Christi 4
BOTTOM OF THE 7TH
Corpus Christi Twins batting - Pitching for Balboa Buccaneers : RHP Richard Meyer
Now at 2B: Derek Schroeder
Batting: LHB Don Sullivan 0-0: Ball
1-0: Called Strike
1-1: DOUBLE (Line Drive, 7LS)
Batting: LHB Juan Durán 0-0: Called Strike
0-1: Ball
1-1: Ball
2-1: Ball
3-1: Called Strike
3-2: Foul Ball, location: 2F
3-2: Base on Balls
Pitching: RHP Bill Swain
Pinch Hitting: RHB Dale Carney 0-0: Ball
1-0: Foul Ball, location: 2F
1-1: Foul Ball, location: 2F
1-2: Strikes out swinging
Batting: RHB Daniel Cooper 0-0: Ball
1-0: Ball
2-0: Ball
3-0: Base on Balls
Don Sullivan to third
Juan Durán to second
Batting: LHB Jimmy Massey 0-0: Hit by Pitch
Don Sullivan scores
Juan Durán to third
Daniel Cooper to second
Batting: RHB Vincent Parker 0-0: Ball
1-0: Called Strike
1-1: Called Strike
1-2: Ball
2-2: Foul Ball, location: 2F
2-2: Foul Ball, location: 2F
2-2: Foul Ball, location: 2F
2-2: Ball
3-2: Fly out, F9 (Line Drive, 9LM)
Runner from 3rd tags up, SCORES, no throw
Pinch Hitting: LHB Michael Smith 0-0: Fly out, F9 (Line Drive, 9S)
Bottom of the 7th over - 2 run(s), 1 hit(s), 0 error(s), 2 left on base; Balboa 4 - Corpus Christi 6
TOP OF THE 8TH
Balboa Buccaneers batting - Pitching for Corpus Christi Twins : LHP Eugene Baker
Now at 3B: Chad Graham
Now at SS: Carlos Santos
Now in LF: John Howell
Batting: SHB Theodore Buck 0-0: Foul Ball, location: 2F
0-1: Ball
1-1: Ball
2-1: Foul Ball, location: 2F
2-2: Ball
3-2: Foul Ball, location: 2F
3-2: Strikes out swinging
Batting: RHB César Garza 0-0: Ball
1-0: Called Strike
1-1: Foul Ball, location: 2F
1-2: Ball
2-2: Ball
3-2: Ground out 6-3 (Groundball, 6M)
Batting: LHB Bellchyor Lebrim 0-0: Ball
1-0: Ball
2-0: Foul Ball, location: 2F
2-1: Foul Ball, location: 2F
2-2: Ball
3-2: Strikes out swinging
Top of the 8th over - 0 run(s), 0 hit(s), 0 error(s), 0 left on base; Balboa 4 - Corpus Christi 6
BOTTOM OF THE 8TH
Corpus Christi Twins batting - Pitching for Balboa Buccaneers : RHP Bill Swain
Batting: RHB Bill McCarty 0-0: Ball
1-0: Foul Ball, location: 2F
1-1: Swinging Strike
1-2: Ball
2-2: Ground out 6-3 (Groundball, 6)
Batting: RHB Gonzalo Núñez 0-0: Called Strike
0-1: Fly out, F6 (Popup, 56D)
Batting: LHB Don Sullivan 0-0: Ball
1-0: Foul Ball, location: 2F
1-1: Ball
2-1: Swinging Strike
2-2: Strikes out looking
Bottom of the 8th over - 0 run(s), 0 hit(s), 0 error(s), 0 left on base; Balboa 4 - Corpus Christi 6
TOP OF THE 9TH
Balboa Buccaneers batting - Pitching for Corpus Christi Twins : LHP Eugene Baker
Pitching: RHP Reynaldo Díaz
Batting: RHB Jeff Bass 0-0: Ball
1-0: Swinging Strike
1-1: SINGLE (Line Drive, 4MD)
Batting: RHB Jean Lemaire 0-0: Reached on error, E1 (Groundball, 15)
Jeff Bass to second
Pinch Hitting: LHB Dudley Duncan 0-0: Ball
1-0: Ball
2-0: Ball
3-0: Called Strike
3-1: Base on Balls
Jeff Bass to third
Jean Lemaire to second
Batting: RHB Louie McNeil 0-0: Called Strike
0-1: Foul Ball, location: 2F
0-2: Strikes out looking
Batting: RHB Derek Schroeder 0-0: Ball
1-0: Fly out, F9 (Flyball, 89D)
Runner from 3rd tags up, SCORES, no throw
Batting: LHB Jafar Taha 0-0: Ball
1-0: Ball
2-0: Foul Ball, location: 2F
2-1: Swinging Strike
2-2: Strikes out swinging
Top of the 9th over - 1 run(s), 1 hit(s), 1 error(s), 2 left on base; Balboa 5 - Corpus Christi 6
This league is powered by Out of the Park Baseball, the baseball management simulation game for PC, Mac and Linux
Monday, May 4th, 2015 - OOTP Baseball 15.6 Build 34